 Dungeon Crawl Stone Soup version 0.29.1-13-g9f3cf754e1 (webtiles) character file.

Game seed: 13530004555181410352

149 xian the Trooper (level 5, 0/48 HPs)
             Began as a Minotaur Abyssal Knight on Feb 12, 2023.
             Was a Priest of Lugonu.
             Slain by a necrophage (4 damage)
             ... on level 6 of the Dungeon.
             The game lasted 00:07:05 (1453 turns).

xian the Trooper (Minotaur Abyssal Knight)          Turns: 1453, Time: 00:07:06

Health: 0/48       AC: 13    Str: 20    XL:     5   Next: 9%
Magic:  5/5        EV:  6    Int:  7    God:    Lugonu [***...]
Gold:   185        SH:  0    Dex: 10    Spells: 4/4 levels left

rFire   . . .      SeeInvis .   s - +3 quarterstaff (chaos)
rCold   . . .      Faith    .   (shield currently unavailable)
rNeg    . . .      Spirit   .   b - +1 plate armour
rPois   .          Reflect  .   (helmet restricted)
rElec   .          Harm     .   r - +0 cloak
rCorr   .          Rampage  .   (no gloves)
Will    .....                   (no boots)
Stlth   ..........              (no amulet)
HPRegen 0.16/turn               (no ring)
MPRegen 0.09/turn               (no ring)

@: mighty
A: horns 2, retaliatory headbutt
a: Renounce Religion, Depart the Abyss, Bend Space, Banish


You were on level 6 of the Dungeon.
You worshipped Lugonu.
Lugonu was most pleased with you.
You visited 1 branch of the dungeon, and saw 5 of its levels.
You visited the Abyss 1 time.

You collected 185 gold pieces.

Inventory:

Hand Weapons
 s - a +3 quarterstaff of chaos (weapon)
Missiles
 k - 3 poisoned darts (quivered)
 p - 13 stones
 q - 3 javelins
Armour
 b - a +1 plate armour (worn)
 r - a +0 cloak (worn)
Wands
 o - a wand of charming (9)
Scrolls
 d - a scroll of acquirement {unknown}
 g - 2 scrolls of amnesia
 i - a scroll of silence {unknown}
 j - 2 scrolls of enchant armour
 l - a scroll of fog {unknown}
 m - 2 scrolls of identify {unknown}
Potions
 c - a potion of magic
 h - a potion of brilliance {unknown}
 n - a potion of cancellation {unknown}


   Skills:
 + Level 5.4 Fighting
 + Level 3.8 Axes
 + Level 0.9 Staves
 + Level 3.4 Armour
 + Level 1.4 Dodging
 + Level 0.1 Stealth
 + Level 1.8 Invocations


You had 4 spell levels left.
You didn't know any spells.
Your spell library contained the following spells:

 Spells                   Type           Power      Damage    Failure   Level
 Beastly Appendage        Tmut           0%         N/A       100%        1
 Wereblood                Tmut           0%         N/A       100%        2
 Call Canine Familiar     Summ           0%         N/A       100%        3
 Portal Projectile        Hex/Tloc       0%         N/A       100%        3
 Spider Form              Tmut/Pois      0%         N/A       100%        3
 Leda's Liquefaction      Hex/Erth       0%         N/A       100%        4


Dungeon Overview and Level Annotations

Branches:
Dungeon (7/15)
 Temple: D:4-7

Altars:
Kikubaaqudgha


Innate Abilities, Weirdness & Mutations

You have a pair of horns on your head.
You reflexively headbutt those who attack you in melee.


Message History

The shadow imp looks frightened!
The white imp looks frightened!
The gnoll sergeant looks frightened!
The gnoll looks frightened! x2
It was a scroll of fear.
Something hits you but does no damage.
Cornered, the gnoll turns to fight!
Something hits you but does no damage. Something hits you but does no damage.
The gnoll starts to cry.
A gnoll comes into view.
It is wielding a +0 club and quivering curare-tipped darts.
There is a stone staircase leading down here.
You see here a poisoned dart.
Cornered, the gnoll turns to fight!
Cornered, the gnoll sergeant turns to fight!
Cornered, the white imp turns to fight!
Something hits you but does no damage.
Cornered, the iguana turns to fight!
You climb downwards.
Reactivating autopickup.
The hound barks!
The orc wizard shouts!
The orc shouts! x2
There is a stone staircase leading up here.
Something hits you but does no damage.
Deactivating autopickup; reactivate with Ctrl-A.
The orc wizard casts a spell at you.
The puff of flame hits something!
The orc shouts!
You climb upwards.
Reactivating autopickup.
The gnoll hits you but does no damage.
There is a stone staircase leading down here.
You see here a poisoned dart.
Something completely misses you. Something hits you but does no damage.
Deactivating autopickup; reactivate with Ctrl-A.
Found a stone staircase leading up.
The white imp gestures at you.
The puff of frost hits something.
Something hits you but does no damage.
Found an escape hatch in the floor.
Found 19 gold pieces.
Something hits you.
* * * LOW HITPOINT WARNING * * *
There is a stone staircase leading up here.
Something hits you.
You die...

.... 5g. #.#####.#
...... ###.......#
....... .........##
....... ..........##
....... ...).....?.#
......#
.....(>..#.######.#...##
...)........g.l.........
..........#5ggg{@.>$.#
.........#####.......#
.........# #.......#
.........# #.......#
.........# #########
##########


You could see a gnoll sergeant, an iguana, 3 gnolls and a white imp.

Vanquished Creatures
  A hound (D:6)
  Crazy Yiuf (D:2)
  2 gnolls (D:6)
  A shadow imp (D:6)
  An ufetubus (D:6)
  A worm (D:2)
  2 dart slugs
  3 orcs (D:3)
  4 endoplasms
  4 giant cockroaches
  5 goblins
  2 hobgoblins (D:2)
  2 kobolds
  3 quokkas
  3 ball pythons
  8 bats
  3 frilled lizards
  A rat (D:1)
47 creatures vanquished.

Notes
Turn   | Place    | Note
-------+----------+-------------------------------------------
     0 | Abyss:1  | xian the Minotaur Abyssal Knight began the quest for the
                  | Orb.
     0 | Abyss:1  | Reached XP level 1. HP: 19/19 MP: 1/1
     1 | Abyss:1  | Found a corrupted altar of Lugonu.
    12 | Abyss:1  | Found a corrupted altar of Lugonu.
    13 | Abyss:1  | Found a blossoming altar of Fedhas.
    57 | Abyss:1  | Noticed an Executioner
    58 | D:1      | Escaped the Abyss
   111 | D:1      | Reached skill level 4 in Fighting
   221 | D:1      | Reached XP level 2. HP: 24/27 MP: 2/2
   759 | D:2      | Reached XP level 3. HP: 25/34 MP: 3/3
   924 | D:2      | Found an ancient bone altar of Kikubaaqudgha.
  1004 | D:2      | Reached skill level 5 in Fighting
  1071 | D:2      | Found a runed translucent door.
  1072 | D:2      | Noticed Crazy Yiuf
  1217 | D:2      | Killed Crazy Yiuf
  1218 | D:2      | Reached XP level 4. HP: 27/42 MP: 4/4
  1346 | D:3      | Reached *** piety under Lugonu
  1379 | D:3      | You fall into a shaft and drop 3 floors!
  1416 | D:6      | Noticed a necrophage
  1425 | D:6      | Noticed a gnoll sergeant
  1430 | D:6      | Reached XP level 5. HP: 12/48 MP: 5/5
  1430 | D:6      | HP: 1/48 [gnoll/+0 halberd[a gnoll sergeant] (11)]
  1453 | D:6      | Slain by a necrophage

Illustrated notes

Levels and vault maps discovered:
D:1:      dpeg_arrival_pond, layout_rooms, st_stairs_6, patterned_corridor
D:2:      layout_basic, basic_altar, uniq_crazy_yiuf_cottage
D:3:      layout_basic, serial_shops, nicolae_diamond_shop
D:6:      layout_rooms, fedhas_altar_1, minmay_temple_entry_stoned_glass,
          dreamdust_princess_bridge, uniq_blork_the_orc, uniq_sigmund
D:7:      layout_cave_pools, reono_crystal_passage, grunt_ministairs_1,
          moated_statue, st_stairs_11

Skill      XL: |  1  2  3 |
---------------+----------+-----
Fighting       | 4 5 |  5.4
Armour         | 3 |  3.4
Axes           | 3 |  3.8
Staves         | |  0.9
Dodging        | |  1.4
Stealth        | |  0.1
Invocations    | |  1.8

Action                   |  1- 3 |  4- 6 || total
-------------------------+-------+-------++-------
Melee: Hand axe          |     7 |       ||     7
       Headbutt          |    13 |       ||    13
       War axe           |    63 |       ||    63
       Quarterstaff      |       |    13 ||    13
Throw: Dart              |       |     2 ||     2
Invok: Depart the Abyss  |     1 |       ||     1
  Use: Scroll            |     1 |     2 ||     3
       Potion            |       |     3 ||     3
 Stab: Invisible         |     1 |       ||     1
Armor: Ring mail         |     9 |       ||     9
       Plate armour      |    51 |    29 ||    80
Dodge: Dodged            |    31 |    13 ||    44
